 Dungeon Crawl Stone Soup version 0.29.1-1-gd02db6906a (webtiles) character file.

Game seed: 3003668434295528875

17 Demigod47 the Trooper (level 2, 27/27 HPs)
             Began as a Minotaur Berserker on Oct 6, 2022.
             Was a Follower of Trog.
             Quit the game on level 1 of the Dungeon.
             The game lasted 00:01:36 (560 turns).

Demigod47 the Trooper (Minotaur Berserker)           Turns: 560, Time: 00:01:37

Health: 27/27      AC:  3    Str: 21    XL:     2   Next: 44%
Magic:  1/1        EV: 11    Int:  4    God:    Trog [*.....]
Gold:   53         SH:  0    Dex:  9    Spells: 1/1 levels left

rFire   . . .      SeeInvis .   a - +0 mace
rCold   . . .      Faith    .   (no shield)
rNeg    . . .      Spirit   .   e - +0 leather armour
rPois   .          Reflect  .   (helmet restricted)
rElec   .          Harm     .   (no cloak)
rCorr   .          Rampage  .   (no gloves)
Will    .....                   (no boots)
Stlth   +.........              (no amulet)
HPRegen 0.09/turn               (no ring)
MPRegen 0.07/turn               (no ring)

@: no status effects
A: horns 2, retaliatory headbutt
a: Renounce Religion, Berserk


You were on level 1 of the Dungeon.
You worshipped Trog.
Trog was aware of your devotion.
You visited 1 branch of the dungeon, and saw 1 of its levels.

You collected 53 gold pieces.

Inventory:

Hand Weapons
 a - a +0 mace (weapon)
Missiles
 c - 7 stones (quivered)
Armour
 b - a +0 animal skin
 e - a +0 leather armour (worn)
 f - a +0 pair of gloves
Scrolls
 d - a scroll of torment {unknown}


   Skills:
 + Level 4.1 Fighting
 + Level 4.0 Maces & Flails
 + Level 2.5 Armour
 + Level 2.4 Dodging


You had one spell level left.
You didn't know any spells.
Your spell library contained the following spells:

 Spells                   Type           Power      Damage    Failure   Level
 Animate Armour           Summ/Erth      0%         N/A       100%        4
 Blade Hands              Tmut           0%         N/A       100%        5
 Iron Shot                Conj/Erth      0%         9d1       100%        6


Dungeon Overview and Level Annotations

Branches:
Dungeon (1/15)

Altars:


Innate Abilities, Weirdness & Mutations

You have a pair of horns on your head.
You reflexively headbutt those who attack you in melee.


Message History

You closely miss the bat. The bat closely misses you.
The bat closely misses you. The endoplasm freezes you.
You are frozen.
The endoplasm freezes you.
You are frozen.
The bat hits you. The endoplasm freezes you.
You are frozen.
The endoplasm closely misses you. You furiously retaliate!
You headbutt the endoplasm!
You kill the endoplasm!
Trog accepts your kill.
You thump the endoplasm!
You kill the endoplasm!
Trog accepts your kill. The bat barely misses you.
The bat attacks as you move away! The bat hits you but does no damage. x2
The bat barely misses you. The bat barely misses you. The bat hits you.
The bat hits you. The bat hits you.
Found a ring mail.
The bat hits you but does no damage. The bat hits you but does no damage.
The bat hits you. The bat closely misses you.
The bat hits you but does no damage. x2
The bat closely misses you. You furiously retaliate!
You headbutt the bat!
You kill the bat!
Trog accepts your kill.
You see here a +0 pair of gloves.
You see here a +0 pair of gloves.
f - a +0 pair of gloves Unknown command.
Unknown command.
Unknown command.
You now have 53 gold pieces (gained 6).
You see here a +0 ring mail.
Found a whip.
Unknown command.
Are you sure you want to abandon this character and quit the game? (Confirm with "yes".)

[.#
#...#...######..#
##.#
#.#.........###
#.######.##
..........###
#....#....###
...........#
##..........>#
.......>.#..####
#.............
.........##...).
#.>.....†...##
.........# ####.
#...........#
)........#
#.#####.........##
#.@.#......#...##
###.[.##########
#..## #..# #....
...##.. .... #.#
..... .. ..... ..


There were no monsters in sight!

Vanquished Creatures
  5 endoplasms (D:1)
  3 hobgoblins (D:1)
  A quokka (D:1)
  2 bats (D:1)
  3 kobolds (D:1)
14 creatures vanquished.

Notes
Turn   | Place    | Note
-------+----------+-------------------------------------------
     0 | D:1      | Demigod47 the Minotaur Berserker began the quest for the
                  | Orb.
     0 | D:1      | Reached XP level 1. HP: 19/19 MP: 0/0
   191 | D:1      | Reached XP level 2. HP: 15/27 MP: 1/1
   560 | D:1      | Quit the game

Illustrated notes

Levels and vault maps discovered:
D:1:      nzn_arrival_depleted_hourglass, layout_rooms,
          shapermc_ecumenical_altar_mp_urbaneastern, reono_crystal_passage,
          hangedman_decor_points

Skill      XL: |  1  2 |
---------------+-------+-----
Maces & Flails | 4 |  4.0
Fighting       | 4 |  4.1
Armour         | |  2.5
Dodging        | |  2.4

Action                   || total
-------------------------++-------
Melee: Mace              ||    18
       Headbutt          ||     1
  Use: Potion            ||     1
Armor: Animal skin       ||     4
       Leather armour    ||     8
Dodge: Dodged            ||    30
